 Dungeon Crawl Stone Soup version 0.31-a0-1068-g5939ac1fb6 (webtiles) character file.

Game seed: 4578992209862006899

109 potatawarrior the Trooper (level 4, -13/29 HPs)
             Began as a Gargoyle Monk on Nov 23, 2023.
             Was an Elder of Zin.
             Mangled by an ogre
             ... wielding a +0 giant club
              (25 damage)
             ... on level 4 of the Dungeon.
             The game lasted 00:21:53 (2080 turns).

potatawarrior the Trooper (Gargoyle Monk)           Turns: 2080, Time: 00:21:54

Health: -13/29     AC:  8    Str: 15    XL:     4   Next: 89%
Magic:  4/4        EV: 11    Int: 12    God:    Zin [****..]
Gold:   120        SH:  5    Dex: 12    Spells: 3/3 levels left

rFire   . . .        a - +1 mace
rCold   . . .        d - orb {light}
rNeg    + . .        o - +0 ring mail
rPois   ∞            (no helmet)
rElec   +            (no cloak)
rCorr   .            (no gloves)
SInv    .            (no boots)
Will    .....        g - amulet of reflection
Stlth   +            (no ring)
HPRegen 0.24/turn    (no ring)
MPRegen 0.09/turn

%: reflection
@: about to teleport, on recite cooldown, glowing
A: sickness immunity, AC +3, negative energy resistance 1, electricity
resistance, torment resistance 1, petrification resistance
a: Renounce Religion, Recite, Vitalisation, Imprison, Donate Gold


You were on level 4 of the Dungeon.
You worshipped Zin.
Zin was greatly pleased with you.
You visited 1 branch of the dungeon, and saw 4 of its levels.

You collected 199 gold pieces.
You spent 60 gold pieces at shops.
You donated 19 gold pieces to Zin.

Inventory:

Hand Weapons
 a - a +1 mace (weapon)
Missiles
 e - 15 stones (quivered)
Armour
 b - a +0 robe
 d - an orb of light (worn)
 o - a +0 ring mail (worn)
Jewellery
 f - an amulet of magic regeneration
 g - an amulet of reflection (around neck)
Talismans
 i - a serpent talisman
Scrolls
 l - a scroll of summoning
Potions
 c - a potion of ambrosia
 h - a potion of resistance {unknown}
 j - a potion of curing {unknown}
 m - a potion of mutation {unknown}
 n - a potion of magic {unknown}


   Skills:
 + Level 4.2 Fighting
 + Level 4.1 Maces & Flails
 + Level 0.3 Armour
 + Level 3.0 Dodging
 + Level 0.4 Stealth


You had 3 spell levels left.
You didn't know any spells.
Your spell library contained the following spells:

 Spells                   Type           Power      Damage    Failure   Level
 Apportation              Tloc           0%         N/A       54%         1
 Necrotise                Necr           0%         1d4       54%         1
 Sting                    Tmut/Pois      0%         1d3       54%         1
 Summon Small Mammal      Summ           0%         N/A       54%         1
 Poisonous Vapours        Pois/Air       0%         N/A       69%         2
 Olgreb's Toxic Radiance  Pois           0%         N/A       100%        4


Dungeon Overview and Level Annotations

Branches:
Dungeon (4/15)
 Temple: D:4-7

Altars:
Cheibriados
Zin

Shops:
D:3 !


Innate Abilities, Weirdness & Mutations

You are immune to sickness and miasma.
Your stone body is resilient. (AC +3)
You are immune to poison.
You resist negative energy. (rN+)
You are resistant to electric shocks. (rElec)
You are resistant to unholy torment.
You are immune to petrification.


Message History

You add the spells Necrotise, Summon Small Mammal and Apportation to your library.
You pay a tithe of 1 gold.
You now have 120 gold pieces (gained 12).
You hear the slow rusting of a very distant drain.
An ogre comes into view. It is wielding a +0 giant club.
The ogre shouts!
Press: ? - help, v - describe, . - travel
Here: an ogre, wielding a +0 giant club (haloed)
The floor.
Activating: Recite (7% risk of failure)
Press: ? - help, Dir - look around, f - activate You fail to use your ability.
The ogre barely misses you.
Activating: Recite (7% risk of failure)
Press: ? - help, Dir - look around, f - activate You clear your throat and prepare to recite. "The voice of Zin, pure and clear, did say that the fetid masses..."
The ogre is dazed by your recitation. "...were not hygienic!
And hearing this, the people rose up..."
The ogre attacks as it pursues you! The ogre hits you but does no damage.
You hit the ogre.
The ogre is lightly wounded. "...and embraced hygiene, for they feared Zin's wrath."
You finish reciting Ablutions 2:58.
The ogre hits you with a +0 giant club!!
Ouch! That really hurt!
* * * LOW HITPOINT WARNING * * *
You feel much better.
A worm comes into view.
The ogre closely misses you. The ogre attacks as it pursues you!
The ogre hits you with a +0 giant club!
Ouch! That really hurt!
Okay, then.
As you read the scroll labelled OFETYNOEJI, it crumbles to dust.
It is a scroll of identify.
l - a scroll of summoning
As you read the scroll labelled REASIDITAT, it crumbles to dust.
You feel strangely unstable.
It was a scroll of teleportation.
The ogre hits you with a +0 giant club!!
Ouch! That really hurt!
You die...

.. ##.# #w #.. #. #.# #.
##.## #.## ##...## #..#
##...... #..# ##.......
#####..##########..###...
........O@.........##
###. ...####..#######...#
## . #..# ###..# #..#
##..# #..# ##.# #### #.#
##


You could see an ogre (dazed).

Vanquished Creatures
  2 adders (D:2)
  2 worms (D:2)
  6 dart slugs
  2 orcs (D:3)
  4 ball pythons
  4 bats
  4 endoplasms
  3 giant cockroaches
  9 goblins
  9 hobgoblins
  4 jackals (D:1)
  A quokka (D:1)
  2 frilled lizards
  7 kobolds
  7 rats
66 creatures vanquished.

Notes
Turn   | Place    | Note
-------+----------+-------------------------------------------
     0 | D:1      | potatawarrior the Gargoyle Monk began the quest for the
                  | Orb.
     0 | D:1      | Reached XP level 1. HP: 14/14 MP: 1/1
     0 | D:1      | Noticed an octopode
     1 | D:1      | Noticed a spriggan
     1 | D:1      | Noticed a demonspawn
     3 | D:1      | Noticed a spriggan
     3 | D:1      | Noticed a human
     5 | D:1      | Noticed a troll
     6 | D:1      | Noticed an ogre
     7 | D:1      | Noticed a barachi
     8 | D:1      | Noticed a barachi
    13 | D:1      | Noticed a felid
    14 | D:1      | Noticed a naga
    14 | D:1      | Noticed a spriggan
    18 | D:1      | Noticed an elf
    18 | D:1      | Noticed an octopode
    72 | D:1      | Reached XP level 2. HP: 12/19 MP: 2/2
   371 | D:1      | Reached XP level 3. HP: 24/24 MP: 3/3
   718 | D:2      | Reached XP level 4. HP: 27/29 MP: 4/4
  1682 | D:3      | Found a faded altar of an unknown god.
  1688 | D:3      | Prayed at the altar of an unknown god.
  1688 | D:3      | Became a worshipper of Zin the Law-Giver
  1688 | D:3      | Reached * piety under Zin
  1688 | D:3      | Reached ** piety under Zin
  1688 | D:3      | Reached *** piety under Zin
  1727 | D:3      | Found Pirchi Asiu's Distillery.
  1730 | D:3      | Found a snail-covered altar of Cheibriados.
  1804 | D:3      | Bought a potion of heal wounds for 60 gold pieces
  2046 | D:4      | Reached **** piety under Zin
  2070 | D:4      | Noticed an ogre
  2080 | D:4      | Mangled by an ogre

Illustrated notes

Levels and vault maps discovered:
D:1:      shiori_arrival_whats_in_store_for_you, layout_basic, minmay_surrounded
D:2:      layout_basic, chequers_serial_rivers_small_a
D:3:      layout_rooms, kennysheep_slug_shrine, serial_shops,
          nicolae_shop_advertising_works [nicolae_subvault_shop_adworks],
          ebering_ecumenical_altar_petrified
D:4:      layout_cave_pods, mainiacjoe_overflow_paths,
          lightli_sewer_entry_pipes, supply_closet_lemuel, uniq_blork_the_orc

Skill      XL: |  1  2  3  4 |
---------------+-------------+-----
Dodging        | 3 |  3.0
Fighting       | 4 |  4.2
Maces & Flails | 4 |  4.1
Armour         | |  0.3
Stealth        | |  0.4

Action                     |  1- 3 |  4- 6 || total
---------------------------+-------+-------++-------
  Melee: Mace              |    84 |    77 ||   161
  Throw: Stone             |       |     1 ||     1
 Invoke: Recite            |       |     1 ||     1
    Use: Scroll            |       |     4 ||     4
         Potion            |       |     1 ||     1
 Armour: Robe              |    29 |       ||    29
         Leather armour    |     7 |    15 ||    22
         Ring mail         |       |    35 ||    35
  Dodge: Dodged            |    49 |    34 ||    83

Table legend: (Time is in decaauts)
 A = Elapsed time spent in this place.
 B = Non-inter-level travel time spent in this place.
 C = Inter-level travel time spent in this place.
 D = Time resting spent in this place.
 E = Time spent auto-exploring this place.
 F = Levels seen in this place.
 G = Mean time per level.
                   A        B        C        D        E       F      G
               +--------+--------+--------+--------+--------+-----+--------+
         Total |   2123 |   2067 |     56 |      0 |    357 |   4 |  530.8 |
       Dungeon |   2123 |   2067 |     56 |      0 |    357 |   4 |  530.8 |
               +--------+--------+--------+--------+--------+-----+--------+

Top non-repeatable levels by time:
     D:2: 787 daAuts
     D:1: 724 daAuts
     D:3: 542 daAuts
     D:4: 68 daAuts
